 Dungeon Crawl Stone Soup version 0.26-a0-661-g406de6ba63 (webtiles) character file.

Game seed: 3547570545334367153

195 DarthBeliar the Stinger (level 5, -6/28 HPs)
             Began as a Deep Elf Venom Mage on Oct 9, 2020.
             Killed by divine providence
             ... invoked by an orc priest
              (10 damage)
             ... on level 3 of the Dungeon.
             The game lasted 00:05:54 (2865 turns).

DarthBeliar the Stinger (Deep Elf Venom Mage)       Turns: 2865, Time: 00:05:55

Health: -6/28      AC:  2    Str:  5    XL:     5   Next: 45%
Magic:  12/13      EV: 13    Int: 21    God:
Gold:   182        SH:  0    Dex: 15    Spells: 2/12 levels left

rFire    . . .     SeeInvis .   k - +2 dagger (speed)
rCold    . . .     Faith    .   (no shield)
rNeg     . . .     Spirit   .   a - +0 robe
rPois    .         Reflect  .   (no helmet)
rElec    .         Harm     .   (no cloak)
rCorr    +         Rampage  .   (no gloves)
MR       .....                  (no boots)
Stlth    ++........             (no amulet)
HPRegen  0.09/turn              n - ring of resist corrosion
MPRegen  0.13/turn              (no ring)

@: no status effects
A: no striking features
a: no special abilities


You were on level 3 of the Dungeon.
You visited 1 branch of the dungeon, and saw 4 of its levels.

You collected 182 gold pieces.

Inventory:

Hand Weapons
 k - a +2 dagger of speed (weapon)
Armour
 a - a +0 robe (worn)
Jewellery
 n - a ring of resist corrosion (left hand)
Scrolls
 c - a scroll of teleportation {unknown}
 f - 4 scrolls of identify {unknown}
 h - a scroll of remove curse {unknown}
 j - a scroll of enchant weapon {unknown}
 m - a scroll of magic mapping {unknown}
 o - 2 scrolls of enchant armour {unknown}
 p - a scroll of blinking {unknown}
 q - a scroll of fear {unknown}
 r - a scroll of fog {unknown}
Potions
 b - 2 potions of brilliance {unknown}
 d - a potion of might {unknown}
 e - 2 potions of flight {unknown}
 g - a potion of stabbing {unknown}
 i - a potion of berserk rage {unknown}
 l - a potion of heal wounds {unknown}


   Skills:
 - Level 2.4 Dodging
 - Level 2.4 Stealth
 + Level 4.2 Spellcasting
 + Level 2.7 Transmutations
 + Level 1.2 Fire Magic
 + Level 1.5 Air Magic
 * Level 5.0 Poison Magic


You had 2 spell levels left.
You knew the following spells:

 Your Spells              Type           Power        Failure   Level
a - Sting                 Tmut/Pois      ###.         2%          1
b - Poisonous Vapours     Pois/Air       ###...       4%          2
c - Olgreb's Toxic Radia  Pois           ####....     14%         4
d - Ignite Poison         Fire/Tmut/Pois ###.....     10%         3

Your spell library contained the following spells:

 Spells                   Type           Power        Failure   Level
 Mephitic Cloud           Conj/Pois/Air  ##......     14%         3


Dungeon Overview and Level Annotations

Branches:
Dungeon (4/15)
 Temple: D:4-7

Altars:
Fedhas


Message History

The orc wizard hits you with a +0 dagger.
You closely miss the orc priest.
The orc priest is lightly wounded.
The orc priest closely misses you.
The orc wizard hits you with a +0 dagger.
* * * LOW HITPOINT WARNING * * *
You hit the orc priest.
The orc priest is moderately wounded.
You barely miss the orc priest.
The orc priest is moderately wounded.
The orc priest barely misses you.
The orc wizard hits you with a +0 dagger.
* * * LOW HITPOINT WARNING * * *
You hit the orc priest.
The orc priest is moderately wounded.
The orc wizard hits you with a +0 dagger.
* * * LOW HITPOINT WARNING * * *
The orc priest mumbles some strange prayers to Beogh against you.
Beogh smites you!
You die...

.##.#.#.#####..##.##†##.#.#
.##.#.#....##..##.##.##.#.#
.##.#.#.##.###.##.##.)..#.#
.##.#.#.##.# #..#########.#
.##.#.#.##.# #..# #.#
.##.#)#.##.####.#########.#
......#.##................#
........#######o)##########
....#....#####..@###
#####.#..........o.#
....#.#............#
###.#.#............#
....#.#............#
#####.#............#
#.############## #.# ##.###


You could see an orc priest and an orc wizard (very poisoned).

Vanquished Creatures
  A big kobold (D:3)
  An orc priest (D:3)
  2 adders (D:2)
  3 oozes
  A worm (D:2)
  3 dart slugs (D:1)
  2 leopard geckos
  7 orcs (D:3)
  6 hobgoblins
  5 kobolds
  A quokka (D:2)
  6 bats
  2 frilled lizards
  3 goblins
  4 rats
47 creatures vanquished.

Notes
Turn   | Place    | Note
-------+----------+-------------------------------------------
     0 | D:1      | DarthBeliar the Deep Elf Venom Mage began the quest for the
                  | Orb.
     0 | D:1      | Reached XP level 1. HP: 10/10 MP: 6/6
   232 | D:1      | Reached XP level 2. HP: 15/15 MP: 6/8
   679 | D:2      | Learned a level 2 spell: Poisonous Vapours
   834 | D:2      | Reached skill level 4 in Poison Magic
   834 | D:2      | Reached XP level 3. HP: 19/19 MP: 2/10
  1319 | D:2      | Found a faded altar of an unknown god.
  1604 | D:3      | Found a blossoming altar of Fedhas.
  1689 | D:3      | Reached XP level 4. HP: 24/24 MP: 9/11
  1695 | D:3      | Learned a level 4 spell: Olgreb's Toxic Radiance
  1701 | D:3      | Reached skill level 1 in Air Magic
  1706 | D:3      | Learned a level 3 spell: Ignite Poison
  2523 | D:3      | Noticed a big kobold
  2532 | D:3      | Killed a big kobold
  2532 | D:3      | Reached skill level 1 in Fire Magic
  2532 | D:3      | Reached skill level 5 in Poison Magic
  2532 | D:3      | Reached XP level 5. HP: 27/28 MP: 3/13
  2865 | D:3      | Killed from afar by an orc priest

Illustrated notes

Levels and vault maps discovered:
D:1:      tarquinn_simple_flora_water_a, layout_rooms,
          minmay_misc_feat_ornament, minmay_misc_feat_cross
D:2:      layout_basic, chequers_ecumenical_altar_grove
D:3:      layout_basic, nicolae_overflow_hidden_temple
D:4:      layout_loops_ring, minmay_manual_mandibuliform

Skill      XL: |  1  2  3  4 |
---------------+-------------+-----
Poison Magic   | 4 5 |  5.0
Transmutations | 2 |  2.7
Air Magic      | 1 |  1.5
Spellcasting   | 4 |  4.2
Fire Magic     | 1 |  1.2
Dodging        | |  2.4
Stealth        | |  2.4

Action                   |  1- 3 |  4- 6 || total
-------------------------+-------+-------++-------
Melee: Unarmed           |    14 |       ||    14
       Dagger            |    19 |    42 ||    61
 Cast: Sting             |    48 |    17 ||    65
       Poisonous Vapours |     4 |     8 ||    12
 Stab: Sleeping          |     2 |       ||     2
Armor: Robe              |    11 |     3 ||    14
Dodge: Dodged            |    58 |    21 ||    79

Table legend: (Time is in decaauts)
 A = Elapsed time spent in this place.
 B = Non-inter-level travel time spent in this place.
 C = Inter-level travel time spent in this place.
 D = Time resting spent in this place.
 E = Time spent auto-exploring this place.
 F = Levels seen in this place.
 G = Mean time per level.
                   A        B        C        D        E       F      G
               +--------+--------+--------+--------+--------+-----+--------+
         Total |   2843 |   2740 |    103 |    235 |   2184 |   4 |  710.8 |
       Dungeon |   2843 |   2740 |    103 |    235 |   2184 |   4 |  710.8 |
               +--------+--------+--------+--------+--------+-----+--------+

Top non-repeatable levels by time:
     D:3: 1345 daAuts
     D:2: 821 daAuts
     D:1: 675 daAuts
     D:4: 1 daAuts
